 Dungeon Crawl Stone Soup version 0.24-a0-439-g6dd8730de2 (webtiles) character file.

Game seed: 11460365463310399253

331 KristoblXynda the Slasher (level 6, -12/52 HPs)
             Began as a Draconian Gladiator on June 18, 2019.
             Mangled by an ogre
             ... wielding a +0 giant club
              (13 damage)
             ... while paralysed by Grinder
             ... on level 3 of the Dungeon.
             The game lasted 00:03:50 (2862 turns).

KristoblXynda the Slasher (Draconian Gladiator)     Turns: 2862, Time: 00:03:51

Health: -12/52     AC:  6    Str: 17    XL:     6   Next: 26%
Magic:  6/6        EV:  2    Int:  9    God:
Gold:   116        SH:  0    Dex: 13    Spells: 5/5 levels left

rFire    . . .     SeeInvis .   a - +0 long sword
rCold    . . .     Gourm    .   (no shield)
rNeg     . . .     Faith    .   (armour unavailable)
rPois    +         Spirit   .   b - +0 hat
rElec    .         Reflect  .   (no cloak)
rCorr    .         Harm     .   (no gloves)
MR       .....                  (no boots)
Stlth    +.........             (no amulet)
HPRegen  0.17/turn              l - ring of poison resistance
MPRegen  0.10/turn              (no ring)

@: paralysed, very slightly contaminated, invisible
A: unfitting armour, claws 1, cold-blooded, MP-powered wands, AC +6
a: no special abilities


You were on level 3 of the Dungeon.
You were not hungry.

You visited 1 branch of the dungeon, and saw 3 of its levels.

You collected 116 gold pieces.

Inventory:

Hand Weapons
 a - a +0 long sword (weapon)
Missiles
 c - a throwing net (quivered)
Armour
 b - a +0 hat (worn)
Jewellery
 l - a ring of poison resistance (left claw)
Scrolls
 e - 2 scrolls of enchant armour {unknown}
 h - 2 scrolls of teleportation
 i - a scroll of identify
 k - a scroll of remove curse {unknown}
Potions
 f - a potion of flight
Comestibles
 d - 3 rations


   Skills:
 + Level 3.9 Fighting
 * Level 5.4 Long Blades
 - Level 2.0 Throwing
 + Level 3.9 Dodging


You had 5 spell levels left.
You didn't know any spells.
Your spell library was empty.

Dungeon Overview and Level Annotations

Branches:
Dungeon (3/15)

Altars:
Nemelex Xobeh
Xom

Annotations:
D:3 Grinder


Innate Abilities, Weirdness & Mutations

Your plain brown scales are hard. (AC +6)
You cannot fit into any form of body armour.
You are cold-blooded and may be slowed by cold attacks.
You have sharp fingernails.
You expend magic power (3 MP) to strengthen your wands.


Message History

Grinder blinks!
The ogre hits you with a +0 giant club!!
* * * LOW HITPOINT WARNING * * *
Grinder hits you but does no damage.
Unknown command.
You fade into invisibility!
Grinder hits you.
* * * LOW HITPOINT WARNING * * *
You writhe in agony.
* * * LOW HITPOINT WARNING * * *
You are very lightly contaminated with residual magic.
Unknown command.
Grinder gestures at you. Pain shoots through your body!
* * * LOW HITPOINT WARNING * * *
You barely miss the ogre.
The ogre is severely wounded.
Grinder gestures at you.
You suddenly lose the ability to move!
The ogre hits you with a +0 giant club!
You die...

############
.........O@#
.#########5#
#.# #.# #.#
######## #.#
.......# #.#
######.# #.#
#.# #.#


You could see Grinder and an ogre.

Vanquished Creatures
  Sigmund (D:2)
  Purgy (D:3)
  4 adders
  3 worms (D:2)
  A dart slug (D:2)
  A leopard gecko (D:2)
  2 ball pythons (D:1)
  5 hobgoblins
  A jackal (D:2)
  7 bats
  5 frilled lizards
  7 goblins
  6 kobolds
  A rat (D:2)
45 creatures vanquished.

Vanquished Creatures (others)
  6 toadstools (D:3)
6 creatures vanquished.

Grand Total: 51 creatures vanquished

Notes
Turn   | Place    | Note
-------+----------+-------------------------------------------
     0 | D:1      | KristoblXynda the Draconian Gladiator began the quest for
                  | the Orb.
     0 | D:1      | Reached XP level 1. HP: 17/17 MP: 1/1
   229 | D:1      | Reached XP level 2. HP: 24/24 MP: 2/2
   874 | D:2      | Reached XP level 3. HP: 14/30 MP: 3/3
  1150 | D:2      | Found a shimmering altar of Xom.
  1481 | D:2      | Reached skill level 4 in Long Blades
  1588 | D:2      | Noticed Sigmund
  1606 | D:2      | Gained mutation: You expend magic power (3 MP) to
                  | strengthen your wands. [potion of mutation]
  1606 | D:2      | Gained mutation: You have sharp fingernails. [potion of
                  | mutation]
  1631 | D:2      | Killed Sigmund
  1631 | D:2      | Reached skill level 5 in Long Blades
  1631 | D:2      | Reached XP level 4. HP: 13/38 MP: 4/4
  1631 | D:2      | Reached XP level 5. HP: 15/45 MP: 5/5
  2346 | D:3      | Found a sparkling altar of Nemelex Xobeh.
  2346 | D:3      | Noticed Purgy
  2363 | D:3      | Killed Purgy
  2363 | D:3      | Reached XP level 6. HP: 19/52 MP: 6/6
  2854 | D:3      | Noticed Grinder
  2861 | D:3      | HP: 1/52 [Grinder/nerve-wracking pain (5)]
  2862 | D:3      | Paralysed by Grinder for 3 turns
  2862 | D:3      | Mangled by an ogre

Levels and vault maps discovered:
D:1:      ncdulo_lavacross, layout_loops_ring, serial_bayou_pond_c,
          serial_bayou_pond_d, grunt_decor_mini_mirrors, minmay_misc_feat_square
D:2:      layout_basic, tgw_xom, uniq_sigmund
D:3:      cheibrodos_fertilizer, layout_basic, lemuel_round_altar, uniq_grinder,
          uniq_jessica, uniq_purgy

Skill      XL: |  1  2  3 |
---------------+----------+-----
Throwing       | 2 |  2.0
Dodging        | 3 |  3.9
Long Blades    | 5 |  5.4
Fighting       | 3 |  3.9

Action                   |  1- 3 |  4- 6 || total
-------------------------+-------+-------++-------
Melee: Long sword        |   115 |    49 ||   164
       Tailslap          |    12 |     6 ||    18
Throw: Throwing net      |     1 |     1 ||     2
  Use: Potion            |     4 |     1 ||     5
       Scroll            |       |     3 ||     3
 Stab: Sleeping          |       |     1 ||     1
  Eat: Chunk             |     2 |     1 ||     3
       Ration            |       |     1 ||     1
Armor: Skin              |    52 |    13 ||    65
Dodge: Dodged            |    76 |    29 ||   105
       Rpst.: Long sword |    25 |     8 ||    33

Table legend:
 A = Non-vault XP
 B = Vault XP
 C = Vault XP percentage of total XP
 D = Non-vault monster count
 E = Vault monster count
 F = Vault count percentage of total count
                 A         B        C        D         E       F
            +---------+---------+-------+---------+---------+-------
      Total |     115 |     359 |  75.7 |      36 |       9 |  20.0
            +---------+---------+-------+---------+---------+-------
        D:1 |      21 |       0 |   0.0 |      13 |       0 |   0.0
        D:2 |      63 |     235 |  78.9 |      18 |       8 |  30.8
        D:3 |      31 |     124 |  80.0 |       5 |       1 |  16.7
            +---------+---------+-------+---------+---------+-------
